 Dungeon Crawl Stone Soup version 0.23.0 (webtiles) character file.

Game seed: 18257224929000981467

524 Raclure the Skirmisher (level 7, -1/75 HPs)
             Began as an Ogre Berserker on Feb 17, 2019.
             Was a Believer of Trog.
             Slain by an orc
             ... wielding a +0 flail
              (4 damage)
             ... on level 5 of the Dungeon on Feb 18, 2019.
             The game lasted 00:35:36 (6469 turns).

Raclure the Skirmisher (Ogre Berserker)             Turns: 6469, Time: 00:35:37

Health: -1/75      AC:  4    Str: 24    XL:     7   Next: 22%
Magic:  7/7        EV: 11    Int:  8    God:    Trog [**....]
Gold:   221        SH:  0    Dex:  8    Spells: 6/6 levels left

rFire    . . .     SeeInvis .   a - +1 mace
rCold    . . .     Gourm    .   (no shield)
rNeg     . . .     Faith    .   b - +1 animal skin
rPois    .         Spirit   .   (helmet restricted)
rElec    .         Reflect  .   (no cloak)
rCorr    .         Harm     .   (gloves unavailable)
MR       ++...                  (boots unavailable)
Stlth    +.........             (no amulet)
HPRegen  1.22/turn              (no ring)
MPRegen  0.10/turn              (no ring)

@: berserk cooldown, regenerating
A: large, unfitting armour, tough skin 1
a: Berserk, Trog's Hand, Renounce Religion


You were on level 5 of the Dungeon.
You worshipped Trog.
Trog was pleased with you.
You were very hungry.

You visited 1 branch of the dungeon, and saw 5 of its levels.

You collected 221 gold pieces.

Inventory:

Hand Weapons
 a - a +1 mace (weapon)
 c - a +0 vampiric dagger
 h - a +0 short sword of flaming
 q - a +1 dagger of flaming
 t - a +0 club
Armour
 b - a +1 animal skin (worn)
 p - a +0 buckler
Jewellery
 o - an uncursed ring of protection from cold {unknown}
Scrolls
 d - 2 scrolls of identify
 e - 4 scrolls of remove curse
 j - 2 scrolls of fog
Potions
 f - a potion of curing
 g - a potion of invisibility {unknown}
 k - 2 potions of lignification
 l - a potion of degeneration


   Skills:
 + Level 6.2 Fighting
 + Level 5.0 Maces & Flails
 + Level 4.4 Dodging
 + Level 1.4 Stealth


You had 6 spell levels left.
You didn't know any spells.
Your spell library was empty.

Dungeon Overview and Level Annotations

Branches:
Dungeon (5/15)
 Temple: D:4-7

Altars:
Okawaru
The Shining One

Annotations:
D:3 Grinder
D:4 3 runed translucent doors, Lavandula's ghost, amateur TrHu
D:5 Prince Ribbit


Innate Abilities, Weirdness & Mutations

You are too large for most types of armour.
You have tough skin. (AC +1)


Message History

a +0 dagger; a +0 robe; an orc corpse You hit the orc.
The orc is heavily wounded.
Your skin stops crawling.
You feel less resistant to hostile enchantments.
The orc hits you with a +0 hand axe!
* * * LOW HITPOINT WARNING * * *
The orc hits you but does no damage.
You hit the orc but do no damage.
The orc is heavily wounded.
The orc hits you with a +0 hand axe.
* * * LOW HITPOINT WARNING * * *
The orc hits you but does no damage. The orc hits you with a +0 hand axe.
* * * LOW HITPOINT WARNING * * *
Unknown command.
Your skin crawls.
You feel resistant to hostile enchantments.
You are feeling very hungry.
The orc hits you with a +0 flail.
You die...

... ..>.....# ####.###.##### ..
#......# #.# #.# .# # #......#
#.###.#### .##.# #......#
#........# ....# #......#
#####.##.# .# #......######
#.##.# .# .#........)..# #.##.#
.# .###......o..# #.##.#
.####.###......o@.########.##.#
.......###...............#.##.##
...............................#
....#.(###.....#.#######.####.##
.##.# . #....)#.#######.# #.#
.##.#... #.....#.#.......# #.#
........ #.......#.#####.# #.#
###.#..# #.....#.#.# #.# #.#
###.#..###.....#.#.# #.# #.#


You could see 2 orcs.

Vanquished Creatures
  An ice beast (D:5)
  A hound (D:5)
  A jelly (D:5)
  An orc priest (D:4)
  A bullfrog skeleton (D:5)
  An iguana (D:5)
  3 orc wizards
  2 worker ants
  Robin (D:4)
  2 adders
  A shadow imp (D:5)
  3 oozes
  An adder skeleton (D:4)
  3 worms
  A dart slug (D:1)
  2 leopard geckos
  14 orcs
  7 giant cockroaches
  13 goblins
  6 hobgoblins
  4 kobolds
  4 quokkas
  A ball python (D:2)
  9 bats
  4 frilled lizards
  A leopard gecko skeleton (D:4)
  A quokka skeleton (D:4)
  12 rats
101 creatures vanquished.

Vanquished Creatures (others)
  A fungus (D:4)
  2 plants (D:4)
3 creatures vanquished.

Grand Total: 104 creatures vanquished

Notes
Turn   | Place    | Note
-------+----------+-------------------------------------------
     0 | D:1      | Raclure the Ogre Berserker began the quest for the Orb.
     0 | D:1      | Reached XP level 1. HP: 24/24 MP: 1/1
     9 | D:1      | Noticed a troll
    10 | D:1      | Noticed a troll
    13 | D:1      | Noticed a minotaur
    17 | D:1      | Noticed a minotaur skeleton
    21 | D:1      | Noticed a gargoyle
    21 | D:1      | Noticed a dwarf
    24 | D:1      | Noticed a vine stalker
    32 | D:1      | Noticed a troll
   258 | D:1      | Reached XP level 2. HP: 25/32 MP: 2/2
   751 | D:1      | Reached XP level 3. HP: 28/40 MP: 3/3
   965 | D:1      | Reached ** piety under Trog
  1811 | D:2      | Reached skill level 5 in Fighting
  1811 | D:2      | Reached XP level 4. HP: 28/50 MP: 4/4
  2268 | D:2      | Found a glowing golden altar of the Shining One.
  3102 | D:3      | Found a faded altar of an unknown god.
  3164 | D:3      | Found an iron altar of Okawaru.
  3230 | D:3      | Noticed Grinder
  3651 | D:4      | Reached XP level 5. HP: 17/57 MP: 5/5
  3920 | D:4      | Noticed Robin
  3938 | D:4      | Killed Robin
  4676 | D:4      | Reached XP level 6. HP: 63/66 MP: 6/6
  4910 | D:4      | Reached skill level 1 in Stealth
  5119 | D:4      | Found a runed translucent gate.
  5120 | D:4      | Found a runed translucent gate.
  5121 | D:4      | Found a runed translucent gate.
  5121 | D:4      | Noticed Lavandula's ghost (amateur TrHu)
  5127 | D:4      | Identified the +10 dagger "Tiuhej" {pain, *Corrode rElec
                  | rF+}
  5400 | D:5      | Entered Level 5 of the Dungeon
  5652 | D:5      | Noticed Prince Ribbit
  5682 | D:5      | HP: 3/67 [Prince Ribbit (12)]
  6280 | D:5      | Noticed an ice beast
  6291 | D:5      | Killed an ice beast
  6291 | D:5      | Reached skill level 6 in Fighting
  6291 | D:5      | Reached XP level 7. HP: 47/75 MP: 7/7
  6462 | D:5      | Reached skill level 5 in Maces & Flails
  6468 | D:5      | HP: 2/75 [orc/+0 hand axe (3)]
  6469 | D:5      | Slain by an orc

Skill      XL: |  1  2  3  4  5  6  7 |
---------------+----------------------+-----
Dodging        | 3 4 |  4.4
Maces & Flails | 3 4 5 |  5.0
Fighting       | 5 6 |  6.2
Stealth        | 1 |  1.4

Action                   |  1- 3 |  4- 6 |  7- 9 || total
-------------------------+-------+-------+-------++-------
Melee: Mace              |   130 |   262 |    26 ||   418
Invok: Trog's Hand       |     1 |     8 |     3 ||    12
       Berserk           |     1 |     3 |     1 ||     5
  Use: Potion            |     1 |     3 |     2 ||     6
       Scroll            |       |     9 |       ||     9
  Eat: Ration            |     1 |     5 |       ||     6
       Chunk             |     1 |     4 |       ||     5
Armor: Animal skin       |    95 |    89 |    18 ||   202
Dodge: Dodged            |   171 |   174 |    56 ||   401
